 Dungeon Crawl Stone Soup version 0.30-b1-2-g02819fbbbe (webtiles) character file.

Game seed: 4962064616138858460

75 Anothat the Magician (level 4, -6/34 HPs)
             Began as a Gnoll Wanderer on May 11, 2023.
             Mangled by a gnoll
             ... wielding a +0 flail
              (11 damage)
             ... on level 3 of the Dungeon.
             The game lasted 00:02:55 (1416 turns).

Anothat the Magician (Gnoll Wanderer)               Turns: 1416, Time: 00:02:55

Health: -6/34      AC:  2    Str: 12    XL:     4   Next: 31%
Magic:  7/13       EV: 11    Int: 14    God:
Gold:   42         SH:  4    Dex: 10    Spells: 16/17 levels left

rFire   . . .        e - +0 flail
rCold   . . .        d - +0 buckler
rNeg    . . .        c - +0 robe
rPois   .            (no helmet)
rElec   .            (no cloak)
rCorr   .            (no gloves)
SInv    .            (no boots)
Will    .....        (no amulet)
Stlth   +            (no ring)
HPRegen 0.25/turn    (no ring)
MPRegen 0.13/turn

%: no passive effects
@: no status effects
A: fangs 1, strong nose, distributed training
a: no special abilities


You were on level 3 of the Dungeon.
You visited 1 branch of the dungeon, and saw 3 of its levels.

You collected 42 gold pieces.

Inventory:

Hand Weapons
 a - a +0 club
 e - a +0 flail (weapon)
Armour
 c - a +0 robe (worn)
 d - a +0 buckler (worn)
Scrolls
 b - a scroll of silence
 i - a scroll of blinking {unknown}
 j - a scroll of identify {unknown}


   Skills:
 + Level 2.7 Fighting
 + Level 1.1 Short Blades
 + Level 1.1 Long Blades
 + Level 1.1 Axes
 + Level 1.1 Maces & Flails
 + Level 1.1 Polearms
 + Level 1.1 Staves
 + Level 1.1 Ranged Weapons
 + Level 1.1 Throwing
 + Level 1.1 Armour
 + Level 1.1 Dodging
 + Level 1.1 Stealth
 + Level 2.7 Shields
 + Level 1.1 Unarmed Combat
 + Level 7.2 Spellcasting
 + Level 3.8 Conjurations
 + Level 0.9 Hexes
 + Level 0.9 Summonings
 + Level 2.2 Necromancy
 + Level 0.9 Translocations
 + Level 0.9 Transmutations
 + Level 0.9 Fire Magic
 + Level 0.9 Ice Magic
 + Level 0.9 Air Magic
 + Level 0.9 Earth Magic
 + Level 0.9 Poison Magic
 + Level 1.2 Invocations
 + Level 4.6 Evocations


You had 16 spell levels left.
You knew the following spells:

 Your Spells              Type           Power      Damage    Failure   Level
a - Shock                 Conj/Air       44%        1d5       7%          1

Your spell library contained the following spells:

 Spells                   Type           Power      Damage    Failure   Level
 Magic Dart               Conj           60%        1d6       3%          1
 Sublimation of Blood     Necr           11%        N/A       12%         2
 Sandblast                Erth           14%        2d6       13%         1
 Cigotuvi's Dreadful Rot  Necr/Pois/Air  16%        N/A       16%         2
 Passwall                 Tmut/Erth      5%         N/A       21%         2
 Stone Arrow              Conj/Erth      22%        3d8       22%         3


Dungeon Overview and Level Annotations

Branches:
Dungeon (3/15)

Altars:
Ru


Innate Abilities, Weirdness & Mutations

You have very sharp teeth.
Your uncanny sense of smell can sniff out nearby items.
Your experience applies equally to all skills.


Message History

The gnoll is severely wounded.
The gnoll hits you with a +0 spear. The gnoll hits you with a +0 spear!
The gnoll attacks as you move away! The gnoll hits you with a +0 spear.
The gnoll hits you from afar with a +0 spear.
* * * LOW HITPOINT WARNING * * *
Aiming: Shock (safe; 8% risk of failure)
Press: ? - help, Q - select action Shift-Dir - straight line The zap misses the gnoll.
The zap hits the gnoll.
The gnoll is moderately wounded.
The zap hits the gnoll.
The gnoll is heavily wounded.
The gnoll hits you from afar with a +0 spear.
* * * LOW HITPOINT WARNING * * *
Aiming: Shock (safe; 8% risk of failure)
Press: ? - help, Q - select action Shift-Dir - straight line The zap hits the gnoll.
You kill the gnoll!
The zap hits the gnoll.
The gnoll is almost dead.
The zap hits the gnoll.
You kill the gnoll!
The zap hits the gnoll.
The gnoll is moderately wounded.
The gnoll throws a throwing net.
You block the throwing net.
You have reached level 4!
You feel clever.
Aiming: Shock (safe; 7% risk of failure)
Press: ? - help, Q - select action Shift-Dir - straight line The zap hits the gnoll.
The gnoll is heavily wounded.
Aiming: Shock (safe; 7% risk of failure)
Press: ? - help, Q - select action Shift-Dir - straight line The zap hits the gnoll.
The gnoll is severely wounded.
Aiming: Shock (safe; 7% risk of failure)
Press: ? - help, Q - select action Shift-Dir - straight line The zap hits the gnoll.
The gnoll is almost dead.
The gnoll hits you with a +0 flail!
You die...

##############
∆
.....#.)...)<+
#........##
#.#@####..# #
#g# #..+ #)#
##.# #). ..
#### ##. .. #


You could see a gnoll.

Vanquished Creatures
  An adder (D:2)
  4 gnolls (D:3)
  3 endoplasms (D:1)
  2 goblins
  3 hobgoblins (D:1)
  A quokka (D:1)
  5 ball pythons
  5 bats
  4 rats
28 creatures vanquished.

Vanquished Creatures (others)
  A plant (D:1)
1 creature vanquished.

Grand Total: 29 creatures vanquished

Notes
Turn   | Place    | Note
-------+----------+-------------------------------------------
     0 | D:1      | Anothat the Gnoll Wanderer began the quest for the Orb.
     0 | D:1      | Anothat set off with the following items: a +0 club, a
                  | scroll of silence, a +0 robe, a +0 buckler; and the
                  | following spells available to memorise: Magic Dart, Shock,
                  | Sublimation of Blood, Cigotuvi's Dreadful Rot, Stone Arrow.
     0 | D:1      | Reached XP level 1. HP: 17/17 MP: 8/8
     2 | D:1      | Learned a level 1 spell: Shock
   156 | D:1      | Reached XP level 2. HP: 23/23 MP: 8/10
  1151 | D:2      | Found a sacrificial altar of Ru.
  1210 | D:2      | Reached XP level 3. HP: 28/28 MP: 11/11
  1237 | D:2      | Reached skill level 1 in Invocations
  1317 | D:3      | Reached skill level 1 in Short Blades
  1317 | D:3      | Reached skill level 1 in Long Blades
  1317 | D:3      | Reached skill level 1 in Axes
  1317 | D:3      | Reached skill level 1 in Maces & Flails
  1317 | D:3      | Reached skill level 1 in Polearms
  1317 | D:3      | Reached skill level 1 in Staves
  1317 | D:3      | Reached skill level 1 in Ranged Weapons
  1317 | D:3      | Reached skill level 1 in Throwing
  1317 | D:3      | Reached skill level 1 in Armour
  1317 | D:3      | Reached skill level 1 in Dodging
  1317 | D:3      | Reached skill level 1 in Stealth
  1317 | D:3      | Reached skill level 1 in Unarmed Combat
  1414 | D:3      | Reached XP level 4. HP: 5/34 MP: 10/13
  1416 | D:3      | Mangled by a gnoll

Illustrated notes

Levels and vault maps discovered:
D:1:      noname_arrival_rooms_in_the_neighbourhood, layout_basic,
          serial_bayou_lagoon_a, kennysheep_doodads,
          nicolae_concentric_dashed_squares_wild
D:2:      layout_basic, shapermc_ecumenical_altar_venn, basic_altar, nrook_uturn
D:3:      layout_basic, nicolae_ru_great_annihilating_truth,
          nicolae_wu_jian_wuxing_cycle, kennysheep_okawaru_gauntlet,
          minmay_misc_feat_enclosed

Skill      XL: |  1  2  3 |
---------------+----------+-----
Necromancy     | 2 |  2.2
Invocations    | 1 |  1.2
Short Blades   | 1 |  1.1
Long Blades    | 1 |  1.1
Axes           | 1 |  1.1
Maces & Flails | 1 |  1.1
Polearms       | 1 |  1.1
Staves         | 1 |  1.1
Ranged Weapons | 1 |  1.1
Throwing       | 1 |  1.1
Armour         | 1 |  1.1
Dodging        | 1 |  1.1
Stealth        | 1 |  1.1
Unarmed Combat | 1 |  1.1
Fighting       | |  2.7
Shields        | |  2.7
Spellcasting   | |  7.2
Conjurations   | |  3.8
Hexes          | |  0.9
Summonings     | |  0.9
Translocations | |  0.9
Transmutations | |  0.9
Fire Magic     | |  0.9
Ice Magic      | |  0.9
Air Magic      | |  0.9
Earth Magic    | |  0.9
Poison Magic   | |  0.9
Evocations     | |  4.6

Action                     |  1- 3 |  4- 6 || total
---------------------------+-------+-------++-------
  Melee: Club              |    55 |       ||    55
         Bite              |     2 |       ||     2
         Flail             |     4 |       ||     4
   Cast: Shock             |    32 |     3 ||    35
    Use: Potion            |     5 |       ||     5
   Stab: Sleeping          |     1 |       ||     1
         Invisible         |     2 |       ||     2
 Armour: Robe              |    12 |       ||    12
         Skin              |    10 |       ||    10
  Dodge: Dodged            |    40 |       ||    40
  Block: Buckler           |    25 |       ||    25
